 Dungeon Crawl Stone Soup version 0.28-a0-724-g66f9036eb4 (webtiles) character file.

Game seed: 5140022526340393750

4855 ytrimaz the Basher (level 10, 0/77 HPs)
             Began as a Formicid Fighter on Oct 26, 2021.
             Was a High Priest of Okawaru.
             Slain by a freezing wraith (23 damage)
             ... on level 10 of the Dungeon.
             The game lasted 00:08:35 (8757 turns).

ytrimaz the Basher (Formicid Fighter)               Turns: 8757, Time: 00:08:35

Health: 0/77       AC: 15    Str: 25    XL:     10   Next: 78%
Magic:  4/11       EV: 14    Int:  9    God:    Okawaru [*****.]
Gold:   352        SH:  5    Dex: 10    Spells: 9/9 levels left

rFire   . . .      SeeInvis +   m - +1 demon whip (venom)
rCold   . . .      Faith    +   c - +0 buckler
rNeg    . . .      Spirit   .   i - +0 chain mail
rPois   .          Reflect  .   (helmet unavailable)
rElec   +          Harm     .   (no cloak)
rCorr   .          Rampage  .   (no gloves)
Will    +....                   g - +0 pair of boots
Stlth   ..........              o - amulet of faith
HPRegen 0.22/turn               h - +4 ring of evasion
MPRegen 0.12/turn               (no ring)

@: mighty, heroic, finesse-ful
A: permanent stasis, dig shafts and tunnels, antennae 3, four strong arms,
electricity resistance, strong 1
a: Dig, Shaft Self, Renounce Religion, Heroism, Finesse, Duel


You were on level 10 of the Dungeon.
You worshipped Okawaru.
Okawaru was extremely pleased with you.
You visited 2 branches of the dungeon, and saw 10 of its levels.

You collected 352 gold pieces.

Inventory:

Hand Weapons
 a - a +0 war axe
 m - a +1 demon whip of venom (weapon)
Missiles
 s - 5 throwing nets
Armour
 c - a +0 buckler (worn)
 g - a +0 pair of boots (worn)
 i - a +0 chain mail (worn)
Jewellery
 b - a ring of magical power
 h - a +4 ring of evasion (left hand)
 o - an amulet of faith (around neck)
Wands
 n - a wand of flame (25)
 p - a wand of polymorph (8)
Potions
 e - 5 potions of curing
 k - 2 potions of flight
 q - 2 potions of cancellation {unknown}
 r - a potion of resistance {unknown}


   Skills:
 + Level 6.3(11.3) Fighting
 - Level 4.6(13.2) Axes
 * Level 10.4(15.9) Maces & Flails
 * Level 10.0(15.0) Armour
 - Level 3.6(8.6) Shields
 + Level 2.1 Invocations


You had 9 spell levels left.
You didn't know any spells.
Your spell library contained the following spells:

 Spells                   Type           Power      Damage    Failure   Level
 Passwall                 Tmut/Erth      0%         N/A       94%         2
 Static Discharge         Conj/Air       0%         N/A       94%         2
 Invisibility             Hex            0%         N/A       100%        6
 Maxwell's Capacitive Co  Air            0%         ∞         100%        8
 Swiftness                Air            Unusable   N/A       N/A         3
 Summon Lightning Spire   Summ/Air       Unusable   N/A       N/A         4

Dungeon Overview and Level Annotations

Branches:
Dungeon (8/15)             Temple (1/1) D:4
   Lair: D:8-11

Altars:
Ashenzari
Cheibriados
Dithmenos
Elyvilon
Fedhas
Gozag
Hepliaklqana
Kikubaaqudgha
Makhleb
Nemelex Xobeh
Okawaru
Ru
Sif Muna
Trog
Uskayaw
Vehumet
Wu Jian
Xom
Yredelemnul
The Shining One

Shops:
D:1 *   D:2 [   D:7 **


Innate Abilities, Weirdness & Mutations

You cannot be hasted, slowed, berserked, paralysed or teleported.
You can dig through walls and to a lower floor.
You have a pair of large antennae on your head. (SInv)
Your four strong arms can wield two-handed weapons with a shield.
You are resistant to electric shocks. (rElec)
Your muscles are strong. (Str +2)


Message History

Unknown command.
You start resting.
You start resting.
HP restored.
Found a stone staircase leading down.
You open the door.
A deep elf pyromancer, a centaur and a freezing wraith come into view.
Found two escape hatches in the floor and two escape hatches in the ceiling.
The deep elf pyromancer shouts!
The centaur shouts!
The centaur wields a +2 vorpal shortbow.
The centaur shoots an arrow.
The arrow hits you!
The deep elf pyromancer gestures at you while chanting.
The sticky flame hits you.
You are covered in liquid flames!
There is an open door, spattered with blood here.
You are covered in liquid flames!
You close the door.
You are covered in liquid flames!
You feel very mighty all of a sudden.
You are covered in liquid flames!
You are no longer on fire.
Something unseen opens the door.
You gain the combat prowess of a mighty hero.
You can now deal lightning-fast blows.
You block the freezing wraith's attack.
The freezing wraith hits you but does no damage.
You whack the freezing wraith!
The freezing wraith is moderately damaged.
The freezing wraith hits you. The freezing wraith freezes you!
The freezing wraith hits you but does no damage.
You thrash the freezing wraith!!
The freezing wraith is almost destroyed.
You hit the freezing wraith but do no damage.
The freezing wraith is almost destroyed.
You closely miss the freezing wraith.
The freezing wraith is almost destroyed.
The freezing wraith hits you.
* * * LOW HITPOINT WARNING * * *
The freezing wraith freezes you!!
You die...

#># { ##.##
#...# {
##...##
#.....#
##.....## {
#.......#
##.......##
#.(...@...#
#####W#####
#>....c....c#{
#.....e...e.#
#<.........<#
######+######


You could see a freezing wraith, a deep elf pyromancer and a centaur.

Vanquished Creatures
  Harold (D:7)
  A two-headed ogre (D:8)
  A death yak (D:7)
  5 yaks (D:5)
  Edmund (D:6)
  A water moccasin (D:6)
  Duvessa (D:6)
  An ice beast (D:7)
  2 sky beasts
  2 black bears
  2 necrophages (D:5)
  An ogre (D:5)
  A phantom (D:4)
  3 bullfrogs
  A wyvern zombie (D:7)
  Dowan (D:6)
  3 scorpions
  A wyvern skeleton (D:5)
  A water moccasin skeleton (D:4)
  4 killer bees (D:5)
  A howler monkey (D:4)
  A bullfrog zombie (D:6)
  A centaur skeleton (D:5)
  2 orc priests (D:7)
  2 hounds (D:5)
  2 iguanas
  5 orc wizards
  3 gnolls
  2 adders
  A river rat (D:7)
  A white imp (D:5)
  A worm (D:2)
  2 dart slugs (D:4)
  17 orcs
  2 ball pythons
  8 bats
  5 endoplasms
  A giant cockroach (D:4)
  5 goblins
  6 hobgoblins
  3 kobolds
  3 quokkas
  3 frilled lizards
  4 rats
115 creatures vanquished.

Vanquished Creatures (others)
  9 plants (D:5)
9 creatures vanquished.

Grand Total: 124 creatures vanquished

Notes
Turn   | Place    | Note
-------+----------+-------------------------------------------
     0 | D:1      | ytrimaz the Formicid Fighter began the quest for the Orb.
     0 | D:1      | Reached XP level 1. HP: 18/18 MP: 1/1
   331 | D:1      | Found Tyssos's General Store.
   391 | D:1      | Found a faded altar of an unknown god.
   450 | D:1      | Reached XP level 2. HP: 24/24 MP: 2/2
  1133 | D:2      | Reached XP level 3. HP: 15/29 MP: 3/3
  1700 | D:2      | Reached XP level 4. HP: 36/36 MP: 4/4
  1773 | D:2      | Found Roefecuu's Antique Armour Shoppe.
  2940 | D:4      | Reached XP level 5. HP: 32/42 MP: 5/5
  3355 | D:4      | Noticed a phantom
  3368 | D:4      | Killed a phantom
  3369 | D:4      | Reached skill level 5 in Armour
  3369 | D:4      | Reached XP level 6. HP: 37/48 MP: 6/6
  3723 | D:4      | Noticed a black bear
  3729 | D:4      | Killed a black bear
  3730 | D:4      | Reached skill level 1 in Maces & Flails
  3730 | D:4      | Reached XP level 7. HP: 48/54 MP: 7/7
  3795 | D:4      | Found a staircase to the Ecumenical Temple.
  3905 | Temple   | Entered the Ecumenical Temple
  4069 | Temple   | Became a worshipper of Warmaster Okawaru
  4162 | D:5      | Entered Level 5 of the Dungeon
  4379 | D:5      | Reached * piety under Okawaru
  4418 | D:5      | Reached XP level 8. HP: 32/61 MP: 5/8
  4845 | D:5      | Noticed a yak
  4847 | D:5      | Noticed a yak
  4852 | D:5      | Noticed a yak
  4852 | D:5      | Noticed a yak
  4855 | D:5      | Noticed a yak
  4859 | D:5      | Killed a yak
  4859 | D:5      | Reached ** piety under Okawaru
  4860 | D:5      | Reached skill level 5 in Fighting
  4860 | D:5      | Reached skill level 5 in Maces & Flails
  4876 | D:5      | Killed a yak
  4894 | D:5      | Killed a yak
  4895 | D:5      | Reached XP level 9. HP: 32/68 MP: 9/9
  5402 | D:5      | Reached *** piety under Okawaru
  5560 | D:5      | Found a blossoming altar of Fedhas.
  5834 | D:6      | Noticed Duvessa
  5834 | D:6      | Noticed Dowan
  5843 | D:6      | Killed Duvessa
  5852 | D:6      | Killed Dowan
  5853 | D:6      | Reached skill level 1 in Invocations
  6152 | D:6      | Noticed Edmund
  6165 | D:6      | Killed Edmund
  6858 | D:6      | Reached **** piety under Okawaru
  7301 | D:7      | Noticed Harold
  7319 | D:7      | Killed Harold
  7319 | D:7      | Reached ***** piety under Okawaru
  7320 | D:7      | Reached XP level 10. HP: 61/76 MP: 2/11
  7786 | D:7      | Found Sitrigec's Specific Store.
  7786 | D:7      | Found Cagus's General Store.
  7793 | D:7      | Got the Guide on Feathers
  7815 | D:7      | Gained mutation: Your muscles are strong. (Str +2) [potion
                  | of mutation]
  7815 | D:7      | Gained mutation: You are resistant to electric shocks.
                  | (rElec) [potion of mutation]
  7879 | D:8      | Found a basalt altar of Yredelemnul.
  7907 | D:8      | Noticed a two-headed ogre
  7924 | D:8      | Killed a two-headed ogre
  7924 | D:8      | Received a gift from Okawaru
  7925 | D:8      | Reached skill level 10 in Maces & Flails
  8231 | D:8      | Noticed a death yak
  8244 | D:8      | Noticed a death yak
  8245 | D:8      | Noticed a death yak
  8249 | D:7      | Killed a death yak
  8250 | D:7      | Reached skill level 10 in Armour
  8441 | D:7      | Found an ornate altar of the Wu Jian Council.
  8442 | D:7      | Found a hide-covered altar of Uskayaw.
  8446 | D:7      | You fall into a shaft and drop 3 floors!
  8446 | D:10     | Entered Level 10 of the Dungeon
  8748 | D:10     | Noticed a freezing wraith
  8748 | D:10     | Noticed a deep elf pyromancer
  8757 | D:10     | Slain by a freezing wraith

Illustrated notes

Levels and vault maps discovered:
D:1:      roderic_dead_forest, layout_basic, ebering_ecumenical_altar_rust,
          serial_shops, shop, corexii_hall_statues_deadend,
          hangedman_decor_slide_cut
D:2:      layout_loops_ring, serial_shops, shop, minmay_domino_4
D:3:      layout_basic
D:4:      layout_basic, minmay_temple_entry_wispy, minivault_4, minivault_1
D:5:      layout_loops_ring, mainiacjoe_overflow_alcove_4
D:6:      layout_loops_corners, uniq_duvessa, uniq_edmund
D:7:      layout_rooms, nzn_wu_jian_council_hall,
          chequers_temple_overflow_statue_of_worship, nicolae_specific_store,
          uniq_harold
D:8:      minmay_weird_star, layout_basic, mainiacjoe_overflow_small_starburst,
          dpeg_lair_monsters, serial_rivers, chequers_serial_rivers_small_3,
          chequers_serial_rivers_micro_d, chequers_serial_rivers_micro_c,
          chequers_serial_rivers_micro_e
D:10:     minmay_diamond_stairs, layout_cave_pools, nicolae_benzene_ring,
          uniq_urug, uniq_joseph
Temple:   regret_index_temple_sphere_string

Skill      XL: |  1  2  3  4  5  6  7  8  9 10 |
---------------+-------------------------------+-----
Armour         | 4 5 6 7 9 10 | 10.0
Axes           | 3 4 |  4.6
Fighting       | 4 5 6 |  6.3
Maces & Flails | 1 3 6 9 10 | 10.4
Invocations    | 1 2 |  2.1
Shields        | |  3.6

Action                   |  1- 3 |  4- 6 |  7- 9 | 10-12 || total
-------------------------+-------+-------+-------+-------++-------
Melee: War axe           |    56 |   115 |       |       ||   171
       Demon whip        |       |    34 |   249 |    57 ||   340
Invok: Heroism           |       |       |     4 |     5 ||     9
       Finesse           |       |       |     1 |     1 ||     2
 Abil: Shaft Self        |       |       |       |     1 ||     1
  Use: Scroll            |     1 |     2 |     2 |     3 ||     8
       Potion            |       |       |     1 |     2 ||     3
Armor: Scale mail        |    14 |       |       |       ||    14
       Chain mail        |    11 |    59 |    64 |    13 ||   147
Dodge: Dodged            |    40 |    88 |    98 |    23 ||   249
Block: Buckler           |    16 |    27 |    50 |     8 ||   101

Table legend: (Time is in decaauts)
 A = Elapsed time spent in this place.
 B = Non-inter-level travel time spent in this place.
 C = Inter-level travel time spent in this place.
 D = Time resting spent in this place.
 E = Time spent auto-exploring this place.
 F = Levels seen in this place.
 G = Mean time per level.
                   A        B        C        D        E       F      G
               +--------+--------+--------+--------+--------+-----+--------+
         Total |   8724 |   8399 |    325 |   2206 |   4865 |  10 |  872.4 |
       Dungeon |   8535 |   8234 |    301 |   2206 |   4733 |   9 |  948.3 |
        Temple |    189 |    165 |     24 |      0 |    132 |   1 |  189.0 |
               +--------+--------+--------+--------+--------+-----+--------+

Top non-repeatable levels by time:
     D:5: 1497 daAuts
     D:6: 1360 daAuts
     D:1: 1188 daAuts
     D:4: 1107 daAuts
     D:2: 1021 daAuts
     D:7: 922 daAuts
     D:3: 716 daAuts
     D:8: 412 daAuts
    D:10: 308 daAuts
  Temple: 189 daAuts
